 Dungeon Crawl Stone Soup version 0.30.1-11-g7821555f0a (webtiles) character file.

Game seed: 2026380628505869291

137934 geeko55 the Severer (level 16, -1/147 HPs)
             Began as a Minotaur Fighter on Nov 17, 2023.
             Was the Champion of Nemelex Xobeh.
             Succumbed to a +3 halberd of venom's poison
             ... on level 1 of the Elven Halls on Nov 18, 2023.
             The game lasted 01:33:28 (21873 turns).

geeko55 the Severer (Minotaur Fighter)             Turns: 21873, Time: 01:33:29

Health: -1/147     AC: 19    Str: 28    XL:     16   Next: 40%
Magic:  18/28      EV: 13    Int:  5    God:    Nemelex Xobeh [******]
Gold:   152        SH:  0    Dex: 11    Spells: 15/15 levels left

rFire   + + .        b - +27 heavy crossbow "Sniper" {heavy, Acc+∞ SInv}
rCold   + . .        (shield currently unavailable)
rNeg    . . .        i - +4 fire dragon scales
rPois   +            (helmet restricted)
rElec   .            S - +2 cloak of Yesterday {rPois rC++}
rCorr   +            (no gloves)
SInv    +            s - +0 pair of boots
Will    +....        v - amulet of regeneration Stlth
                     q - +5 ring of evasion
HPRegen 1.24/turn    I - ring of resist corrosion
MPRegen 0.21/turn

%: no passive effects
@: lethally poisoned (-1 -> -17), petrifying, very slow
A: horns 2, retaliatory headbutt, iridescent scales 1
}: 1/15 runes: decaying
a: Renounce Religion, Draw Escape, Draw Destruction, Draw Summoning, Draw Stack,
Triple Draw, Deal Four, Stack Five


You were on level 1 of the Elven Halls.
You worshipped Nemelex Xobeh.
Nemelex Xobeh was exalted by your worship.
You visited 5 branches of the dungeon, and saw 24 of its levels.
You also visited: Ossuary, Bailey and Ice Cave.

You collected 2776 gold pieces.
You spent 2624 gold pieces at shops.

Inventory:

Hand Weapons
 a - the +1 battleaxe of Umupn {pain, +Blink rN+ Will- Int+4}
   (You bought it in a shop on level 2 of the Orcish Mines)

   Int:       It affects your intelligence (+4).
   rN:        It protects you from negative energy.
   +Blink:    It lets you blink.
   Will:      It decreases your willpower.
 b - the +27 heavy crossbow "Sniper" (weapon) {heavy, Acc+∞ SInv}
   (You bought it in a shop on level 2 of the Orcish Mines)

   Acc+∞: It never misses its target.
   SInv:      It lets you see invisible.
 o - a +9 battleaxe of flaming
 y - a +0 battleaxe of freezing
Missiles
 m - 5 silver javelins
 p - a throwing net
Armour
 i - +4 fire dragon scales (worn)
 s - a +0 pair of boots (worn)
 S - the +2 cloak of Yesterday (worn) {rPois rC++}
   (You bought it in a shop on level 2 of the Orcish Mines)

   rC:        It greatly protects you from cold.
   rPois:     It protects you from poison.
Jewellery
 e - a ring of positive energy
 j - a ring of poison resistance
 q - a +5 ring of evasion (left hand)
 v - an amulet of regeneration (around neck)
 G - a +6 ring of dexterity
 H - a ring of positive energy
 I - a ring of resist corrosion (right hand)
 J - an amulet of the acrobat
 M - a +6 ring of intelligence
 N - a ring of ice
 P - a ring of fire
Wands
 n - a wand of digging (5)
 x - a wand of flame (56)
 z - a wand of paralysis (30)
 D - a wand of polymorph (7)
 E - a wand of roots (15)
 F - a wand of mindburst (9)
Scrolls
 g - 4 scrolls of amnesia
 r - 5 scrolls of teleportation
 t - 3 scrolls of poison
 u - 6 scrolls of fear
 w - 10 scrolls of identify
 L - a scroll of butterflies
 Q - 3 scrolls of fog
 U - 2 scrolls of magic mapping
Potions
 c - a potion of berserk rage
 d - 3 potions of might
 f - 2 potions of attraction
 h - a potion of magic
 k - 5 potions of haste
 l - 8 potions of flight
 A - 6 potions of ambrosia
 B - 7 potions of curing
 C - 3 potions of invisibility
 K - a potion of resistance
 R - a potion of heal wounds
 T - 3 potions of brilliance
Miscellaneous
 O - a phial of floods


   Skills:
 * Level 14.4 Fighting
 - Level 18.3(18.5) Axes
 - Level 4.1(12.7) Maces & Flails
 * Level 4.8 Ranged Weapons
 - Level 3.9 Armour
 + Level 14.1 Dodging
 - Level 3.9 Shields
 - Level 18.2 Invocations


You had 15 spell levels left.
You didn't know any spells.
Your spell library contained the following spells:

 Spells                   Type           Power      Damage    Failure   Level
 Apportation              Tloc           0%         N/A       78%         1
 Magic Dart               Conj           0%         1d3       78%         1
 Necrotise                Necr           0%         1d4       78%         1
 Summon Small Mammal      Summ           0%         N/A       78%         1
 Ensorcelled Hibernation  Hex/Ice        0%         N/A       89%         2
 Searing Ray              Conj           0%         2d4       89%         2
 Spider Form              Tmut/Pois      0%         N/A       98%         3
 Anguish                  Hex/Necr       0%         N/A       100%        4
 Animate Dead             Necr           0%         N/A       100%        4
 Fulminant Prism          Conj/Hex       0%         3d5       100%        4
 Manifold Assault         Tloc           0%         N/A       100%        4
 Petrify                  Tmut/Erth      0%         N/A       100%        4
 Alistair's Intoxication  Tmut/Pois      0%         N/A       100%        5
 Blade Hands              Tmut           0%         N/A       100%        5
 Borgnjor's Vile Clutch   Necr/Erth      0%         N/A       100%        5
 Fireball                 Conj/Fire      0%         3d3       100%        5
 Irradiate                Conj/Tmut      0%         3d11      100%        5
 Iskenderun's Battlesphe  Conj           0%         2d6       100%        5
 Metabolic Englaciation   Hex/Ice        0%         N/A       100%        5
 Conjure Ball Lightning   Conj/Air       0%         3x3d6     100%        6
 Dispersal                Tloc           0%         N/A       100%        6
 Eringya's Noxious Bog    Tmut/Pois      0%         N/A       100%        6
 Statue Form              Tmut/Erth      0%         N/A       100%        6
 Dragon Form              Tmut           0%         N/A       100%        7
 Haunt                    Necr/Summ      0%         N/A       100%        7
 Orb of Destruction       Conj           0%         9d5       100%        7
 Borgnjor's Revivificati  Necr           0%         N/A       100%        8
 Disjunction              Tloc           0%         N/A       100%        8
 Infestation              Necr           0%         N/A       100%        8
 Necromutation            Tmut/Necr      0%         N/A       100%        8
 Death's Door             Necr           0%         N/A       100%        9


Dungeon Overview and Level Annotations

Branches:
Dungeon (14/15)            Temple (0/1) D:5            Lair (3/5) D:11
  Swamp (4/4) Lair:3        Snake (0/4) Lair:3          Orc (2/2) D:12
    Elf (1/3) Orc:2        Vaults (0/5) D:14        Ossuary (visited)
 Bailey (visited)           IceCv (visited)

Altars:
Ashenzari
Elyvilon
Nemelex Xobeh
Sif Muna
Jiyva

Shops:
D:3 (   D:8 :![?   D:11 !   Orc:1 !   Orc:2 *([(   Elf:1 (

Annotations:
D:7 1 runed translucent door


Innate Abilities, Weirdness & Mutations

You have a pair of horns on your head.
You reflexively headbutt those who attack you in melee.
You are partially covered in iridescent scales. (AC +2)


Message History

The blink frog blinks!
Your +2 trident closely misses the +3 halberd of venom.
The +3 halberd of venom closely misses you.
The +0 battleaxe of freezing completely misses you.
The +0 battleaxe of freezing closely misses your +2 trident.
The +0 battleaxe of freezing hits your killer bee!
The +0 battleaxe of freezing freezes your killer bee.
Your killer bee dies!
Your killer bee's corpse disappears in a puff of smoke!
The quicksilver dragon bites your +2 trident but does no damage.
The quicksilver dragon barely misses your +2 trident.
You draw a card...
You have drawn the Cloud.
Clouds appear around you!
You feel very sick.
Your +2 trident closely misses the quicksilver dragon.
The +3 halberd of venom hits you from afar!
* * * LOW HITPOINT WARNING * * *
You are more poisoned.
The quicksilver dragon closely misses your +2 trident.
The quicksilver dragon completely misses your +2 trident.
Your +2 trident hits the quicksilver dragon!
The +0 battleaxe of freezing hits you!!
* * * LOW HITPOINT WARNING * * *
The +0 battleaxe of freezing hits your +2 trident.
The catoblepas breathes a plume of calcifying dust at you.
The blast of calcifying dust hits the +0 battleaxe of freezing.
The blast of calcifying dust hits you!
* * * LOW HITPOINT WARNING * * *
The blink frog closely misses you.
The +3 halberd of venom closely misses you.
Okay, then.
As you read the scroll of fear, it crumbles to dust.
You assume a fearsome visage.
The quicksilver dragon easily resists.
The +0 battleaxe of freezing is unaffected.
The fire elemental is unaffected.
The cane toad looks frightened!
The +3 halberd of venom is unaffected.
The sky beast looks frightened!
The blink frog looks frightened!
The catoblepas easily resists.
You are engulfed in calcifying dust.
You are slowing down.
You die...
Your body disappears without a glow.

.......# ##.......## ##.##+##
.......# #.........# ##'...##
#.....######.........#####.....#
#.....'....+.........'...'.....#
#....#######.........#####.....#
.....# #.........######...##
###.## ##[§§§§..........#+# #
#.# ##'#§§F§............# ###
##.##§§@(''''''''....#
##.###..†(D+++++ '..#.# ##.##
#..'(YE§+ '....# ##.##
#..'+FY§§)+ '....# ##.##
###..'++§§§)+ '..#.# #####.##
#....'+ )§))+ '..#.# #.##.##
#.#..'+


))))+ '..#.# ##.#'## #....'+ ++++ '..#+# #...########....' '..+.## You could see
a quicksilver dragon (distracted, misshapen, corroded, ally target), a
catoblepas (slow, misshapen, corroded, drained), a cane toad (fleeing,
misshapen), a blink frog (fleeing, misshapen), a fire elemental (corroded), a
sky beast (fleeing, misshapen, corroded), 2 dancing weapons and a friendly +2
trident (summoned).

Vanquished Creatures
  Rupert (D:13)
  A thorn hunter (Swamp:4)
  2 fenstrider witches
  An orc warlord (Orc:2)
  6 eleionomae
  A deep elf demonologist (Elf:1)
  Azrael (D:13)
  A dire elephant (IceCv)
  A minotaur (IceCv)
  5 bunyips
  A spark wasp (Elf:1)
  3 shambling mangroves
  A fire dragon (D:14)
  A deep elf high priest (Elf:1)
  Erolcha (Orc:1)
  An ice dragon (D:14)
  16 hydras
  A ghost crab (Swamp:2)
  2 vault guards (D:14)
  An anaconda (Swamp:3)
  Erica (D:10)
  4 boulder beetles
  A centaur warrior (D:13)
  8 alligators
  5 death yaks
  A tengu warrior (D:14)
  2 dancing weapons (Elf:1)
  An orc high priest (Orc:1)
  3 deep elf knights (Elf:1)
  3 spriggan druids
  2 goliath frogs
  7 swamp dragons (Swamp:4)
  2 bog bodies (Swamp:2)
  A deep elf archer (Elf:1)
  4 necromancers (Elf:1)
  3 lindwurms (Swamp:4)
  3 deep elf pyromancers
  A deep elf zephyrmancer (Elf:1)
  2 orc knights
  6 cyclopes
  4 orc sorcerers (Orc:2)
  A moth of wrath (shapeshifter) (Elf:1)
  3 ugly things
  2 will-o-the-wisps
  5 black mambas
  Maurice (D:9)
  An ice statue (IceCv)
  6 cane toads
  2 gargoyles
  Psyche (D:10)
  An unseen horror (D:11)
  8 rime drakes
  A komodo dragon (Lair:3)
  3 kobold demonologists (D:11)
  Maggie (D:7)
  3 tengu conjurers
  3 polar bears
  3 large abominations (Elf:1)
  4 tyrant leeches
  A meliai zombie (D:10)
  6 trolls
  11 hornets
  8 blink frogs
  A dream sheep (Elf:1)
  2 slime creatures
  A shapeshifter (IceCv)
  9 spriggans
  4 wraiths
  An air elemental (Elf:1)
  5 shadows (D:10)
  38 yaks
  7 humans (D:14)
  3 vampires
  Eustachio (D:4)
  3 basilisks
  3 fire elementals (D:13)
  2 golden eyes
  A hog (D:14)
  4 steam dragons
  11 swamp worms
  3 wargs (Orc:2)
  2 acid dragons
  13 water moccasins
  3 hell hounds (D:13)
  6 swamp drakes
  30 orc warriors
  An ice beast (D:6)
  A sky beast (D:6)
  2 black bears
  A boggart (IceCv)
  A tengu (D:7)
  10 ogres
  5 wolves (IceCv)
  8 centaurs
  A phantom (D:5)
  2 elf zombies
  5 kobold brigands (D:11)
  8 bullfrogs
  2 gnoll sergeants
  A scorpion (D:4)
  14 wights
  10 killer bees (D:9)
  5 howler monkeys
  5 jellies
  11 centaur zombies
  2 human zombies (Ossuary)
  A quasit (D:6)
  3 hounds
  21 orc priests
  A sleepcap (D:7)
  2 gnoll boudas
  8 iguanas
  Terence (D:3)
  21 orc wizards
  A hound zombie (Ossuary)
  3 mummies (Ossuary)
  2 howler monkey zombies (D:10)
  25 gnolls
  12 adders
  A shadow imp (D:5)
  5 white imps
  2 ufetubi (D:6)
  An adder zombie (Ossuary)
  5 dart slugs
  4 worms
  88 orcs
  4 endoplasms
  4 giant cockroaches
  17 goblins
  12 hobgoblins
  7 jackals
  20 kobolds
  7 ball pythons
  5 bats
  4 frilled lizards
  2 goblin zombies (Ossuary)
  3 hobgoblin zombies (Ossuary)
  8 jackal zombies (Ossuary)
  A kobold zombie (Ossuary)
  3 orc zombies (Ossuary)
  5 quokka zombies (Ossuary)
  4 rats
  3 rat zombies (Ossuary)
751 creatures vanquished.

Vanquished Creatures (collateral kills)
  An azure jelly (Elf:1)
  2 eleionomae
  A bunyip (Swamp:3)
  A deep elf death mage (Elf:1)
  A hydra (Swamp:4)
  4 death yaks (D:11)
  2 deep elf knights (Elf:1)
  A spriggan druid (Swamp:3)
  2 large abominations (Elf:1)
  A deep elf zephyrmancer (Elf:1)
  An ugly thing (D:7)
  2 rime drakes (IceCv)
  2 trolls
  A polar bear (IceCv)
  Grinder (D:4)
  A hornet (Swamp:3)
  A slime creature (D:7)
  A snapping turtle (Swamp:3)
  A vampire (D:10)
  A yak (D:7)
  A fire elemental (D:13)
  A swamp worm (Swamp:3)
  An orc warrior (D:7)
  2 wolves (IceCv)
  2 centaurs
  An elf zombie (Elf:1)
  An orc priest (D:12)
  A hound (D:4)
  2 orc wizards (D:11)
  An adder (D:4)
  2 orcs (D:11)
  A hobgoblin (D:4)
  4 kobolds (Bailey)
48 creatures vanquished.

Vanquished Creatures (others)
  A deep elf zephyrmancer (Elf:1)
  3 bloated husks (Swamp:1)
  A shadow (D:12)
  A human (D:14)
  An orc warrior (D:12)
  An orc wizard (D:9)
  An orc (D:9)
  10 foxfires
19 creatures vanquished.

Grand Total: 818 creatures vanquished

Notes
Turn   | Place    | Note
-------+----------+-------------------------------------------
     0 | D:1      | geeko55 the Minotaur Fighter began the quest for the Orb.
     0 | D:1      | Reached XP level 1. HP: 19/19 MP: 0/0
    89 | D:1      | Reached XP level 2. HP: 27/27 MP: 1/1
   359 | D:1      | Found a faded altar of an unknown god.
   418 | D:1      | Prayed at the altar of an unknown god.
   418 | D:1      | Became a worshipper of Nemelex Xobeh the Trickster
   418 | D:1      | Reached * piety under Nemelex Xobeh
   482 | D:2      | Reached XP level 3. HP: 33/33 MP: 2/2
   576 | D:2      | Received a gift from Nemelex Xobeh
   689 | D:2      | Reached skill level 5 in Fighting
   689 | D:2      | Reached XP level 4. HP: 35/42 MP: 3/3
  1096 | D:2      | Reached ** piety under Nemelex Xobeh
  1290 | D:3      | Reached XP level 5. HP: 49/50 MP: 4/4
  1364 | D:3      | Found Duowk's Weapon Shoppe.
  1471 | D:3      | Noticed Terence
  1478 | D:3      | Killed Terence
  2246 | D:4      | Reached XP level 6. HP: 58/58 MP: 5/5
  2366 | D:4      | Reached skill level 5 in Axes
  2495 | D:4      | Noticed Grinder
  2514 | D:4      | Killed Grinder
  2515 | D:4      | Reached XP level 7. HP: 68/68 MP: 6/6
  2600 | D:4      | Noticed Eustachio
  2603 | D:4      | Killed Eustachio
  2667 | D:4      | You fall into a shaft and drop 1 floor!
  2667 | D:5      | Entered Level 5 of the Dungeon
  2688 | D:5      | Reached *** piety under Nemelex Xobeh
  2688 | D:5      | Received a gift from Nemelex Xobeh
  2771 | D:4      | Found a broken altar of Ashenzari.
  3051 | D:5      | Received a gift from Nemelex Xobeh
  3147 | D:5      | Received a gift from Nemelex Xobeh
  3279 | D:5      | Found a staircase to the Ecumenical Temple.
  3337 | D:5      | Reached XP level 8. HP: 78/78 MP: 7/7
  3642 | D:5      | Reached **** piety under Nemelex Xobeh
  3650 | D:5      | Received a gift from Nemelex Xobeh
  3687 | D:5      | Reached skill level 10 in Fighting
  3702 | D:5      | Reached skill level 1 in Invocations
  4152 | D:6      | Reached skill level 5 in Invocations
  4155 | D:6      | Reached XP level 9. HP: 59/85 MP: 11/11
  4387 | D:6      | Received a gift from Nemelex Xobeh
  4832 | D:7      | Found a runed translucent door.
  4834 | D:7      | Noticed a cyclops
  4835 | D:7      | Noticed a cyclops
  4836 | D:7      | Noticed a gargoyle
  4841 | D:7      | Noticed a gargoyle
  4842 | D:7      | Banished a gargoyle
  4865 | D:7      | Killed a cyclops
  4872 | D:7      | Killed a gargoyle
  4956 | D:7      | Killed a cyclops
  4957 | D:7      | Reached skill level 10 in Axes
  4962 | D:7      | Noticed a red ugly thing
  4967 | D:7      | Killed a red ugly thing
  4967 | D:7      | Noticed a troll
  4968 | D:7      | Reached XP level 10. HP: 47/93 MP: 15/15
  5213 | D:7      | Received a gift from Nemelex Xobeh
  5255 | D:7      | Noticed Maggie
  5256 | D:7      | Killed Maggie
  5257 | D:7      | Reached skill level 10 in Invocations
  5517 | D:7      | Noticed Joseph
  5520 | D:7      | Joseph changed into Joseph the tengu
  5520 | D:7      | Noticed Joseph
  5525 | D:7      | Killed Joseph the tengu
  5776 | D:7      | Reached skill level 1 in Dodging
  5963 | D:7      | Received a gift from Nemelex Xobeh
  6011 | D:8      | Found a sand-covered staircase.
  6014 | D:8      | Found Isuc's Book Shoppe.
  6038 | D:8      | Found Senae's Antique Armour Emporium.
  6049 | D:8      | Found Logeaduk's Magic Scroll Emporium.
  6051 | D:8      | Found Ruofuah's Distillery.
  6067 | Ossuary  | Entered an ossuary
  6312 | D:8      | Bought 2 scrolls of identify for 56 gold pieces
  6312 | D:8      | Bought a scroll of identify for 28 gold pieces
  6317 | D:8      | Bought a scroll of identify for 28 gold pieces
  6317 | D:8      | Bought a scroll of identify for 28 gold pieces
  6376 | D:8      | Identified the +0 ring mail of Recklessness {rN+ Stlth+}
  6441 | D:8      | Gained mutation: You occasionally shout uncontrollably at
                  | your foes. [potion of mutation]
  6441 | D:8      | Gained mutation: You are vulnerable to cold. (rC-) [potion
                  | of mutation]
  6441 | D:8      | Gained mutation: You possess an exceptional clarity of
                  | mind. [potion of mutation]
  6442 | D:8      | Lost mutation: You possess an exceptional clarity of mind.
                  | [potion of mutation]
  6442 | D:8      | Lost mutation: You are vulnerable to cold. (rC-) [potion of
                  | mutation]
  6442 | D:8      | Lost mutation: You occasionally shout uncontrollably at
                  | your foes. [potion of mutation]
  6442 | D:8      | Gained mutation: You are vulnerable to cold. (rC-) [potion
                  | of mutation]
  6442 | D:8      | Gained mutation: You are partially covered in large bone
                  | plates. (SH +4) [potion of mutation]
  6442 | D:8      | Lost mutation: You are partially covered in large bone
                  | plates. (SH +4) [potion of mutation]
  6444 | D:8      | Lost mutation: You are vulnerable to cold. (rC-) [potion of
                  | mutation]
  6444 | D:8      | Gained mutation: You are partially covered in iridescent
                  | scales. (AC +2) [potion of mutation]
  6545 | D:8      | Found a white marble altar of Elyvilon.
  6563 | D:8      | Reached ***** piety under Nemelex Xobeh
  6742 | D:9      | Received a gift from Nemelex Xobeh
  6939 | D:9      | Reached XP level 11. HP: 84/99 MP: 18/18
  6947 | D:9      | Reached skill level 5 in Dodging
  7019 | D:9      | Noticed Maurice
  7020 | D:9      | Paralysed by Maurice for 5 turns
  7031 | D:9      | Killed Maurice
  7427 | D:10     | Entered Level 10 of the Dungeon
  7489 | D:10     | Found a flagged portal.
  7506 | Bailey   | Entered a bailey
  7599 | Bailey   | Noticed an orc knight
  7615 | Bailey   | Killed an orc knight
  8035 | D:10     | Noticed Erica
  8044 | D:10     | Killed Erica
  8256 | D:10     | Noticed Psyche
  8273 | D:10     | Killed Psyche
  8367 | D:10     | Received a gift from Nemelex Xobeh
  8614 | D:10     | Reached XP level 12. HP: 106/106 MP: 20/20
  8715 | D:10     | Reached skill level 1 in Maces & Flails
  8804 | D:10     | Received a gift from Nemelex Xobeh
  8805 | D:10     | Found a viscous altar of Jiyva.
  9143 | D:12     | Found a staircase to the Orcish Mines.
  9348 | D:12     | Reached skill level 10 in Dodging
  9473 | D:12     | Received a gift from Nemelex Xobeh
  9550 | D:12     | Noticed a boulder beetle
  9555 | D:12     | Killed a boulder beetle
  9749 | D:13     | Received a gift from Nemelex Xobeh
  9776 | D:13     | Noticed a five-headed hydra
  9783 | D:13     | Noticed a centaur warrior
  9787 | D:13     | Killed a five-headed hydra
  9787 | D:13     | Killed a centaur warrior
  9983 | D:13     | Noticed Azrael
 10001 | D:13     | Killed Azrael
 10200 | D:13     | Received a gift from Nemelex Xobeh
 10216 | D:13     | Noticed Rupert
 10216 | D:13     | Paralysed by Rupert for 2 turns
 10221 | D:13     | Paralysed by Rupert for 2 turns
 10225 | D:13     | Killed Rupert
 10445 | D:14     | Noticed a four-headed hydra
 10446 | D:14     | Noticed a five-headed hydra
 10451 | D:14     | Killed a one-headed hydra
 10453 | D:14     | Killed a one-headed hydra
 10454 | D:14     | Reached XP level 13. HP: 98/113 MP: 22/22
 10544 | D:14     | Received a gift from Nemelex Xobeh
 10718 | D:14     | Reached ****** piety under Nemelex Xobeh
 11069 | D:14     | Found a gate to the Vaults.
 11228 | D:14     | Noticed a fire dragon
 11236 | D:14     | Killed a fire dragon
 11237 | D:14     | Reached skill level 15 in Invocations
 11708 | D:11     | Received a gift from Nemelex Xobeh
 11819 | D:11     | Found a staircase to the Lair.
 12089 | D:11     | Found Geta's Distillery.
 12578 | Lair:1   | Entered Level 1 of the Lair of Beasts
 12901 | Lair:1   | Received a gift from Nemelex Xobeh
 13573 | Lair:2   | Received a gift from Nemelex Xobeh
 13699 | Lair:2   | Reached skill level 15 in Axes
 13826 | Lair:2   | Received a gift from Nemelex Xobeh
 13844 | Lair:2   | Identified the +3 leather armour of Tolata {Stlth+}
 14216 | Lair:3   | Found a frozen archway.
 14229 | IceCv    | Entered an ice cave
 14262 | IceCv    | Reached XP level 14. HP: 121/121 MP: 25/25
 14345 | IceCv    | Received a gift from Nemelex Xobeh
 14463 | IceCv    | Noticed a frost giant
 14465 | IceCv    | a frost giant changed into a dire elephant
 14831 | Lair:3   | Found a staircase to the Snake Pit.
 15007 | Lair:3   | Identified the +2 cloak of the Forest {Stlth+}
 15125 | Lair:3   | Received a gift from Nemelex Xobeh
 15504 | Lair:3   | Found a staircase to the Swamp.
 15802 | Swamp:1  | Entered Level 1 of the Swamp
 16091 | Swamp:1  | Received a gift from Nemelex Xobeh
 16794 | Swamp:2  | Noticed a fenstrider witch
 16795 | Swamp:2  | Paralysed by a fenstrider witch for 2 turns
 16800 | Swamp:2  | Paralysed by a fenstrider witch for 5 turns
 16809 | Swamp:2  | Killed a fenstrider witch
 17037 | Swamp:2  | Received a gift from Nemelex Xobeh
 17393 | Swamp:3  | Reached XP level 15. HP: 126/126 MP: 27/27
 17400 | Swamp:3  | HP: 1/126 [water nymph/the raging water[a spriggan druid]
                  | (22)]
 17434 | Swamp:3  | HP: 6/126 [hornet (6)]
 17815 | Swamp:3  | Identified the +0 robe of Vounk {Regen+ Int+2}
 17985 | Swamp:3  | Received a gift from Nemelex Xobeh
 18298 | Swamp:4  | Entered Level 4 of the Swamp
 18300 | Swamp:4  | Noticed a thorn hunter
 18304 | Swamp:4  | a thorn hunter changed into a shambling mangrove
 18872 | Swamp:4  | Noticed a fenstrider witch
 18886 | Swamp:4  | Killed a fenstrider witch
 18895 | Swamp:4  | a shambling mangrove changed into a thorn hunter
 18895 | Swamp:4  | Noticed a thorn hunter
 18899 | Swamp:4  | Killed a thorn hunter
 19198 | Swamp:4  | Got a decaying rune of Zot
 19326 | Swamp:4  | Received a gift from Nemelex Xobeh
 19673 | Orc:1    | Entered Level 1 of the Orcish Mines
 19793 | Orc:1    | Found Jeliyl's Distillery.
 19804 | Orc:1    | Bought a potion of curing for 48 gold pieces
 19804 | Orc:1    | Bought a potion of heal wounds for 80 gold pieces
 19804 | Orc:1    | Bought a potion of might for 64 gold pieces
 19804 | Orc:1    | Bought 2 potions of curing for 96 gold pieces
 19804 | Orc:1    | Bought a potion of haste for 160 gold pieces
 20091 | Orc:1    | Received a gift from Nemelex Xobeh
 20093 | Orc:1    | Noticed Erolcha
 20099 | Orc:1    | Killed Erolcha
 20274 | Orc:2    | Entered Level 2 of the Orcish Mines
 20290 | Orc:2    | Found a staircase to the Elven Halls.
 20581 | Orc:2    | Reached XP level 16. HP: 142/144 MP: 28/28
 20582 | Orc:2    | Found Hesaett's Antique Weapon Emporium.
 20592 | Orc:2    | Found Zuateege's Antique Armour Shoppe.
 20601 | Orc:2    | Bought a shimmering cloak for 342 gold pieces
 20601 | Orc:2    | Identified the +2 cloak of Yesterday {rPois rC++} (You
                  | bought it in a shop on level 2 of the Orcish Mines)
 20618 | Orc:2    | Bought a smoking battleaxe for 299 gold pieces
 20618 | Orc:2    | Identified the +1 battleaxe of Umupn {pain, +Blink rN+
                  | Will- Int+4} (You bought it in a shop on level 2 of the
                  | Orcish Mines)
 20661 | Orc:2    | Found Moipi's Weapon Shop.
 20835 | Orc:2    | Bought the +27 heavy crossbow "Sniper" {heavy, Acc+∞ SInv}
                  | for 1200 gold pieces
 20835 | Orc:2    | Found the +27 heavy crossbow "Sniper" {heavy, Acc+∞ SInv}
 20918 | Orc:2    | Found Byixod's General Store.
 20926 | Orc:2    | Bought 2 scrolls of magic mapping for 195 gold pieces
 21017 | Elf:1    | Entered Level 1 of the Elven Halls
 21052 | Elf:1    | Reached skill level 1 in Ranged Weapons
 21110 | Elf:1    | Found a huge runed gate.
 21110 | Elf:1    | Found a huge runed gate.
 21110 | Elf:1    | Found a huge runed gate.
 21110 | Elf:1    | Found a huge runed gate.
 21110 | Elf:1    | Found a huge runed gate.
 21110 | Elf:1    | Found a huge runed gate.
 21111 | Elf:1    | Found a huge runed gate.
 21111 | Elf:1    | Found a huge runed gate.
 21112 | Elf:1    | Found a huge runed gate.
 21113 | Elf:1    | Found a huge runed gate.
 21114 | Elf:1    | Found a huge runed gate.
 21129 | Elf:1    | Found a huge runed gate.
 21173 | Elf:1    | Received a gift from Nemelex Xobeh
 21457 | Elf:1    | Found a shimmering blue altar of Sif Muna.
 21524 | Elf:1    | Received a gift from Nemelex Xobeh
 21645 | Elf:1    | Found Nahyg's Antique Weapon Shop.
 21790 | Elf:1    | Found a huge runed gate.
 21791 | Elf:1    | Found a huge runed gate.
 21792 | Elf:1    | Found a huge runed gate.
 21793 | Elf:1    | Found a huge runed gate.
 21794 | Elf:1    | Found a huge runed gate.
 21795 | Elf:1    | Found a huge runed gate.
 21796 | Elf:1    | Found a huge runed gate.
 21797 | Elf:1    | Found a huge runed gate.
 21805 | Elf:1    | Found a huge runed gate.
 21805 | Elf:1    | Found a huge runed gate.
 21805 | Elf:1    | Found a huge runed gate.
 21805 | Elf:1    | Found a huge runed gate.
 21805 | Elf:1    | Found a huge runed gate.
 21805 | Elf:1    | Found a huge runed gate.
 21806 | Elf:1    | Found a huge runed gate.
 21815 | Elf:1    | Found a huge runed gate.
 21816 | Elf:1    | Found a huge runed gate.
 21826 | Elf:1    | Found a huge runed gate.
 21826 | Elf:1    | Found a huge runed gate.
 21826 | Elf:1    | Found a huge runed gate.
 21826 | Elf:1    | Found a huge runed gate.
 21826 | Elf:1    | Found a huge runed gate.
 21826 | Elf:1    | Found a huge runed gate.
 21827 | Elf:1    | Found a huge runed gate.
 21864 | Elf:1    | Noticed a deep elf blademaster
 21865 | Elf:1    | Noticed a deep elf blademaster
 21865 | Elf:1    | a deep elf blademaster changed into a quicksilver dragon
 21865 | Elf:1    | Noticed a quicksilver dragon
 21865 | Elf:1    | a deep elf blademaster changed into a sphinx
 21865 | Elf:1    | Noticed a sphinx
 21866 | Elf:1    | a sphinx changed into a swamp worm
 21872 | Elf:1    | HP: 2/147 [catoblepas/blast of calcifying dust (8)]
 21873 | Elf:1    | Succumbed to a +3 halberd of venom's poison

Illustrated notes

Levels and vault maps discovered:
D:1:      onia_arrival_pyramid, layout_rooms,
          dreamdust_ecumenical_altar_hidden_monk_grotto
D:2:      layout_basic
D:3:      layout_rooms, serial_shops, shop, serial_bayou, serial_bayou_pond_b,
          serial_bayou_pond_e, serial_bayou_shore_a, serial_bayou_pond_c,
          serial_bayou_ford_a, chequers_serial_rivers_large_a, uniq_terence
D:4:      layout_loops_ring, mainiacjoe_overflow_alcove_2, grunt_ministairs_14,
          kennysheep_cross_bottleneck, uniq_eustachio, uniq_grinder
D:5:      minmay_octagon_keep, layout_layer_cave, minmay_temple_entry_hall,
          serial_park_tiny_pond, kennysheep_another_room,
          kennysheep_cluttered_room
D:6:      layout_loops_ring, serial_demonic, serial_demonic_e, serial_demonic_c,
          serial_demonic_g, serial_demonic_g
D:7:      minmay_the_grid_four_pointed_star [minmay_the_grid_triangle_9x9_empty,
          minmay_the_grid_triangle_9x9_subtriangle,
          minmay_the_grid_triangle_9x9_longest,
          minmay_the_grid_triangle_9x9_thin_v,
          minmay_the_grid_prize_four_corners], layout_loops_corners,
          uniq_joseph, uniq_maggie
D:8:      layout_rooms, nicolae_elyvilon_peaceful_grove, enter_ossuary_1,
          serial_shops, shop, shop_coins, shop, nicolae_shop_statue_plus
D:9:      layout_loops_ring, minmay_misc_feat_iff, uniq_maurice
D:10:     layout_gridville, serial_undead, serial_undead_b, serial_undead_f,
          serial_undead_b, serial_undead_a, serial_undead_d, serial_undead_e,
          serial_undead_d, serial_undead_a, enter_bailey_3,
          minmay_misc_feat_enclosed, jiyva_altar_1, uniq_erica, uniq_psyche
D:11:     layout_basic, dpeg_lair_monsters, serial_corexii_hall,
          corexii_hall_statues_x, corexii_hall_statues_x, serial_shops,
          shop_statue
D:12:     layout_small_grid, minmay_orc_entry_temple_small
D:13:     thingy_vault, layout_gridville, uniq_rupert, uniq_azrael
D:14:     layout_basic, ximxim_vaults_locker_room
Lair:1:   layout_cave_pods
Lair:2:   layout_roguey
Lair:3:   layout_regular_city, minmay_swamp_entry_worms,
          minmay_snake_entry_six_corridors, portal_ice_cave_rime,
          grunt_megastairs_1
Swamp:1:  layout_falls_marsh, evilmike_swamp_ruin_house_3, swamp_pool1
Swamp:2:  layout_falls_marsh, evilmike_swamp_ruin_house_2,
          nicolae_swamp_small_spring
Swamp:3:  nicolae_swamp_ascending_descending, layout_falls_marsh,
          nicolae_swamp_big_swirl
Swamp:4:  swamp_alternative, layout_basic_swamp, swamp_pool5
Orc:1:    layout_diamond_mine, serial_shops, shop, kennysheep_orc_chapel,
          uniq_erolcha
Orc:2:    grunt_orc_community_town_hall, layout_caves,
          grunt_orc_community_big_house_2, grunt_orc_community_big_house_2,
          grunt_orc_community_house_3, grunt_orc_community_house_2,
          grunt_orc_community_house_3, grunt_orc_community_house_3, basic_altar
Elf:1:    layout_geoelf_grid, basic_altar, serial_shops, shop,
          minmay_elf_necromancy, door_vault

Skill      XL: |  1  2  3  4  5  6  7  8  9 10 11 12 13 14 15 16 |
---------------+-------------------------------------------------+-----
Fighting       | 4 5 6 8 9 10 13 14 | 14.4
Axes           | 3 4 5 6 8 10 11 12 15 17 18 | 18.3
Invocations    | 5 8 11 13 14 16 18 | 18.2
Dodging        | 4 9 11 13 14 | 14.1
Maces & Flails | 4 |  4.1
Ranged Weapons | 4 |  4.8
Armour         | |  3.9
Shields        | |  3.9

Action                     |  1- 3 |  4- 6 |  7- 9 | 10-12 | 13-15 | 16-18 || total
---------------------------+-------+-------+-------+-------+-------+-------++-------
  Melee: War axe           |    62 |   117 |   170 |   554 |       |       ||   903
         Headbutt          |    11 |    22 |    25 |   139 |   142 |    20 ||   359
         Battleaxe         |       |       |       |     9 |   754 |    76 ||   839
   Fire: Heavy crossbow    |       |       |       |       |       |    15 ||    15
 Invoke: Draw Destruction  |       |     3 |    10 |    20 |    34 |     1 ||    68
         Draw Summoning    |       |     1 |     2 |     7 |     9 |     4 ||    23
         Triple Draw       |       |       |     1 |     1 |     1 |       ||     3
         Deal Four         |       |       |       |     1 |     8 |     3 ||    12
         Draw Escape       |       |       |       |       |     3 |       ||     3
         Stack Five        |       |       |       |       |     1 |       ||     1
         Draw Stack        |       |       |       |       |       |     2 ||     2
  Evoke: Wand              |       |       |       |     1 |     2 |       ||     3
    Use: Scroll            |       |       |     7 |    17 |    16 |     1 ||    41
         Potion            |       |       |       |     6 |     8 |       ||    14
   Stab: Petrified         |       |       |       |     2 |       |       ||     2
         Distracted        |       |       |       |       |     1 |       ||     1
 Armour: Scale mail        |    36 |    52 |    68 |     1 |       |       ||   157
         Swamp dragon scal |       |       |       |   201 |     9 |       ||   210
         Steam dragon scal |       |       |       |     1 |       |       ||     1
         Fire dragon scale |       |       |       |       |   290 |    26 ||   316
  Dodge: Dodged            |    40 |    55 |   146 |   424 |   661 |    62 ||  1388
  Block: Buckler           |    11 |    34 |    43 |    88 |       |       ||   176
         Kite shield       |       |       |       |    38 |       |       ||    38
